 Dungeon Crawl Stone Soup version 0.21-a0-125-gb006224 (webtiles) character file.

111909 Kythnos the Unseen (level 16, -4/84 HPs)
             Began as a Spriggan Enchanter on July 15, 2017.
             Was the Champion of Dithmenos.
             Killed by a resonance strike
             ... invoked by a ragged hierophant
             ... summoned by a halazid warlock
              (15 damage)
             ... in the Desolation of Salt.
             The game lasted 01:27:54 (37043 turns).

Kythnos the Unseen (Spriggan Enchanter)            Turns: 37043, Time: 01:27:54

Health: -4/84      AC: 11    Str: 13    XL:     16   Next: 10%
Magic:  27/34      EV: 33    Int: 23    God:    Dithmenos [******]
Gold:   647        SH:  9    Dex: 25    Spells: 23/41 levels left

rFire    + . .     SeeInvis +   M - +9 quick blade (drain)
rCold    + + +     Gourm    .   A - +0 buckler of Huokhla {rC+ Int+2 SInv Stlth+}
rNeg     . . .     Faith    .   W - +2 robe {MR+}
rPois    .         Spirit   .   S - +2 hat {MR+}
rElec    +         Reflect  .   K - +2 cloak of the Kettle-Drum {rElec rCorr SInv}
rCorr    +         Harm     .   (gloves unavailable)
MR       +++..                  (boots unavailable)
Stlth    ++++++++++             (no amulet)
HPRegen  0.24/turn              B - ring "Acefouppei" {rF+ rC++ MR-}
MPRegen  0.24/turn              N - +4 ring of dexterity

@: mighty, about to teleport, very slightly contaminated, wreathed by umbra,
drained, invisible, very quick
A: unfitting armour, claws 1, molten scales 1, see invisible, agile 2, clever 1,
herbivore 3, speed 3, screaming 1, slow metabolism 2, evolution 1
a: Shadow Step, Shadow Form, Renounce Religion


You were in the Desolation of Salt.
You worshipped Dithmenos.
Dithmenos was exalted by your worship.
You were very full.

You visited 5 branches of the dungeon, and saw 23 of its levels.
You also visited: Labyrinth, Ossuary, Ice Cave, Volcano and Desolation.

You collected 2236 gold pieces.
You spent 1589 gold pieces at shops.

Inventory:

Hand Weapons
 l - a +3 dagger of venom
 M - a +9 quick blade of draining (weapon)
Missiles
 p - a throwing net (quivered)
Armour
 e - a scarf of resistance
 v - a +2 robe of positive energy
 A - the +0 buckler of Huokhla (worn) {rC+ Int+2 SInv Stlth+}
   (You found it on level 5 of the Dungeon)

   It affects your intelligence (+2).
   It protects you from cold.
   It lets you see invisible.
   It makes you more stealthy.
 I - a scarf of repulsion
 K - the +2 cloak of the Kettle-Drum (worn) {rElec rCorr SInv}
   (You bought it in a shop on level 2 of the Orcish Mines)

   It insulates you from electricity.
   It lets you see invisible.
   It protects you from acid and corrosion.
 S - a +2 hat of magic resistance (worn)
 W - a +2 robe of magic resistance (worn)
Jewellery
 B - the ring "Acefouppei" (left claw) {rF+ rC++ MR-}
   (You found it on level 6 of the Dungeon)

   [ring of protection from fire]

   It protects you from fire.
   It greatly protects you from cold.
   It affects your resistance to hostile enchantments.
 F - an uncursed amulet of rage
 N - a +4 ring of dexterity (right claw)
 Y - an uncursed ring of resist corrosion
Wands
 x - a wand of enslavement (10/24)
 E - a wand of digging (0/24)
 L - a wand of iceblast (10/15)
 R - a wand of digging (10/24)
 T - a wand of digging (7/24)
 U - a wand of confusion (22/48)
Scrolls
 b - 3 scrolls of identify
 f - 10 scrolls of remove curse
 j - a scroll of magic mapping
 o - a scroll of brand weapon
 r - 2 scrolls of teleportation
 t - 4 scrolls of recharging
 y - 2 scrolls of amnesia
 z - 3 scrolls of enchant weapon
 C - 4 scrolls of fear
 O - 2 scrolls of blinking
Potions
 c - a potion of resistance
 g - a potion of ambrosia
 h - 2 potions of haste
 i - 2 potions of berserk rage
 m - a potion of brilliance
 n - 5 potions of might
 q - 3 potions of magic
 s - 2 potions of agility
 u - 14 potions of curing
 w - 4 potions of flight
 H - 2 potions of lignification
 X - 3 potions of mutation
Books
 a - a book of Flames

   Spells                             Type                      Level
   a - Flame Tongue                   Conjuration/Fire             1
   b - Throw Flame                    Conjuration/Fire             2
   c - Conjure Flame                  Conjuration/Fire             3
   d - Inner Flame                    Hexes/Fire                   3
   e - Sticky Flame                   Conjuration/Fire             4
   f - Fireball                       Conjuration/Fire             5
   Dithmenos disapproves of the use of such an item.
 D - a book of Minor Magic

   Spells                             Type                      Level
   a - Magic Dart                     Conjuration                  1
   b - Blink                          Translocation                2
   c - Call Imp                       Summoning                    2
   d - Slow                           Hexes                        2
   e - Conjure Flame                  Conjuration/Fire             3
   f - Mephitic Cloud                 Conjuration/Poison/Air       3
 J - a book of Air

   Spells                             Type                      Level
   a - Shock                          Conjuration/Air              1
   b - Swiftness                      Charms/Air                   2
   c - Static Discharge               Conjuration/Air              3
   d - Airstrike                      Air                          4
   e - Lightning Bolt                 Conjuration/Air              5
 P - a book of the Tempests

   Spells                             Type                      Level
   a - Static Discharge               Conjuration/Air              3
   b - Lightning Bolt                 Conjuration/Air              5
   c - Ignition                       Fire                         8
   d - Tornado                        Air                          9
   e - Shatter                        Earth                        9
 V - a book of Party Tricks

   Spells                             Type                      Level
   a - Summon Butterflies             Summoning                    1
   b - Apportation                    Translocation                1
   c - Lesser Beckoning               Translocation                3
   d - Tukima's Dance                 Hexes                        3
   e - Alistair's Intoxication        Transmutation/Poison         5
   f - Invisibility                   Hexes                        6
 Z - a book of the Earth

   Spells                             Type                      Level
   a - Leda's Liquefaction            Hexes/Earth                  4
   b - Bolt of Magma                  Conjuration/Fire/Earth       5
   c - Statue Form                    Transmutation/Earth          6
   d - Iron Shot                      Conjuration/Earth            6
   e - Shatter                        Earth                        9
Comestibles
 d - 10 bread rations
 Q - 7 fruits


   Skills:
 + Level 9.4(8.5) Fighting
 + Level 11.4(10.5) Short Blades
 + Level 15.0(13.9) Dodging
 + Level 19.6(18.4) Stealth
 - Level 8.0(7.1) Shields
 + Level 13.1(12.1) Spellcasting
 + Level 13.4(12.4) Hexes


You had 23 spell levels left.
You knew the following spells:

 Your Spells              Type           Power        Failure   Level  Hunger
a - Ensorcelled Hibernat  Hex/Ice        #####.       1%          2    None
b - Corona                Hex            ######.      1%          1    None
c - Confuse               Hex            ######..     1%          3    None
d - Tukima's Dance        Hex            ######..     1%          3    None
e - Dazzling Spray        Conj/Hex       #####.       1%          3    None
h - Invisibility          Hex            ######..     4%          6    #####..


Dungeon Overview and Level Annotations

Branches:
Dungeon (13/15)            Temple (1/1) D:7            Lair (6/6) D:9
 Shoals (0/4) Lair:2        Snake (0/4) Lair:2        Slime (0/5) Lair:6
    Orc (2/2) D:12            Elf (1/3) Orc:2        Vaults (0/5) D:13

Altars:
Ashenzari
Cheibriados
Dithmenos
Elyvilon
Fedhas
Gozag
Hepliaklqana
Kikubaaqudgha
Makhleb
Nemelex Xobeh
Okawaru
Qazlal
Ru
Sif Muna
Trog
Uskayaw
Vehumet
Wu Jian
Xom
Yredelemnul
Zin
The Shining One
Beogh
Lugonu

Shops:
D:6 !*   D:7 ((?   D:9 %   Orc:1 [   Orc:2 [[}*[((*[

Annotations:
D:13 Josephine, Nessos, Rupert, Urug


Innate Abilities, Weirdness & Mutations

You are very small and have problems with some larger weapons.
You are too small for most types of armour.
You have supernaturally acute eyesight. (SInv)
You are a herbivore.
You cover ground extremely quickly.
You need consume almost no food.
You have sharp fingernails.
You are partially covered in molten scales. (AC +2)
You are very agile. (Dex +4)
Your mind is acute. (Int +2)
You occasionally shout uncontrollably at your foes.
You evolve.


Message History

Ouch! That really hurt!
* * * LOW HITPOINT WARNING * * *
You emit a cloud of dark smoke.
The ghostly fireball engulfs the halazid warlock.
The halazid warlock completely resists.
The ghostly fireball engulfs the crystal guardian.
The crystal guardian completely resists.
Casting: Dazzling Spray
Confirm with . or Enter, or press ? or * to list all spells.
Aiming: Confuse
Press: ? - help, Shift-Dir - straight line, f - halazid warlock
Aim: a halazid warlock (black smoke, lightly damaged, sheltered from injuries, umbra, chance to defeat MR: 15%)
Okay, then.
Unknown command.
As you read the scroll of teleportation, it crumbles to dust.
You feel strangely unstable.
The crystal guardian completely misses you.
The ragged hierophant casts a spell at you.
A blast of power from the earth and the crystal guardian strikes you!
You die...

...## .##. #§ ..... 8.88
..§ .p...##..##§§§§ §§
§... ...........§§§.
§§§§.§..
........8..§§..§§§.§.§§.
.....§8.§§§......§.§....
.....§L8p§§.§§..#.......
.....§§@§§§§§§§.§......#
......§§§§§§§§§§##......
......§§§8§§§§§§§.......
......§§§§§§§§§§........
.#..§§§§§§§§§§§§........
#.§.§§§§§§§§§§§§..##...
....§§.§§§§§§§§§....#...
....§§.§§§§§§§§§........
......§§§§§§§§..........


You could see a ragged hierophant, a halazid warlock, a crystal guardian and 4
saltlings.

Vanquished Creatures
  Gastronok (D:11)
  2 angels (Elf:1)
  A red draconian (Volcano)
  6 dire elephants (Lair:6)
  2 crystal guardians (Desolation)
  A ragged hierophant (Desolation)
  A minotaur (Lab)
  5 servants of whispers (Desolation)
  2 peacekeepers (Desolation)
  A catoblepas (Lair:4)
  7 hydras
  The ghost of WhatIsLove the Covert, a journeyman VSAs of Uskayaw (Volcano)
  An anaconda (Lair:6)
  23 two-headed ogres
  6 ogre magi
  6 death yaks (Lair:4)
  A centaur warrior (D:13)
  A tengu warrior (D:11)
  The ghost of dricus the Thaumaturge, a novice DgFE (D:10)
  2 lindwurms
  Pikel (D:6)
  An obsidian statue (Volcano)
  An ironbrand convoker (Desolation)
  An orc knight (Orc:2)
  The ghost of Perturabo the Slasher, a novice DsGl (D:6)
  2 orc sorcerers (Orc:2)
  6 deep elf magi (Elf:1)
  An ugly thing (D:11)
  A cyclops (D:12)
  5 manticores
  Maurice (D:8)
  9 elephants (Lair:6)
  The ghost of dafubar the Chopper, a novice MiBe of Trog (D:5)
  4 guardian serpents (Desolation)
  A torpor snail (Lair:5)
  4 black mambas
  8 spiny frogs
  3 centaur skeletons
  14 komodo dragons
  2 rime drakes (Orc:1)
  2 minotaur zombies (Lab)
  4 trolls
  Prince Ribbit (D:5)
  24 saltlings (Desolation)
  Grinder (D:6)
  12 blink frogs
  27 dream sheep
  The ghost of gorpus the Chiller, an amateur BaIE (Ossuary)
  A snapping turtle (Lair:2)
  9 hippogriffs
  The ghost of Schizzik the Slasher, an amateur GrGl (D:4)
  2 slime creatures (Lair:6)
  A wraith (D:10)
  An air elemental (Elf:1)
  3 basilisks
  38 yaks
  A wyvern (D:10)
  2 humans (D:13)
  Eustachio (D:5)
  6 fire bats (Volcano)
  Grum (D:8)
  2 hungry ghosts
  A vampire mosquito (Orc:1)
  Menkaure (D:6)
  A warg (Orc:2)
  13 water moccasins
  15 porcupines
  17 orc warriors
  Duvessa (D:4)
  5 ice beasts
  2 black bears
  3 necrophages
  33 ogres
  10 centaurs
  2 phantoms
  11 wolves
  26 crocodiles
  2 elf zombies
  4 big kobolds
  10 bullfrogs
  Dowan (D:4)
  3 elf skeletons (D:6)
  5 scorpions
  32 wights
  A troll zombie (D:7)
  3 killer bees (D:12)
  4 electric eels
  A centaur zombie (D:11)
  2 howler monkeys
  A bullfrog zombie (D:10)
  6 crimson imps
  3 lava snakes (Volcano)
  5 jellies
  3 bullfrog skeletons
  5 hounds
  5 human zombies (D:7)
  15 orc priests
  2 iguanas
  Ijyb (D:5)
  2 human skeletons
  18 orc wizards
  11 worker ants
  A killer bee zombie (D:10)
  An ogre zombie (D:7)
  3 mummies (Ossuary)
  A howler monkey zombie (D:8)
  9 gnolls
  11 adders
  3 river rats (D:3)
  A shadow imp (D:6)
  2 oozes
  2 adder skeletons
  4 adder zombies
  4 worms (D:3)
  A dart slug (D:2)
  3 leopard geckos
  59 orcs
  10 giant cockroaches
  12 goblins
  10 hobgoblins
  10 jackals
  7 quokkas
  3 ball pythons
  11 bats
  3 frilled lizards
  2 goblin zombies (Ossuary)
  2 hobgoblin zombies (Ossuary)
  18 kobolds
  8 kobold zombies (Ossuary)
  A leopard gecko skeleton (D:4)
  2 orc skeletons
  An orc zombie (D:7)
  A quokka skeleton (D:5)
  4 quokka zombies
  8 rats
  2 rat zombies (Ossuary)
  A plant (Lair:6)
786 creatures vanquished.

Vanquished Creatures (collateral kills)
  2 orc wizards
  An orc (Orc:2)
3 creatures vanquished.

Vanquished Creatures (others)
  A saltling (Desolation)
  A human (D:13)
  2 dancing weapons
  4 slaves (D:6)
  A centaur (D:12)
  2 worker ants (D:6)
  A leopard gecko (D:6)
  An orc (D:13)
  A bush (Lair:6)
  15 fungi
  14 plants
43 creatures vanquished.

Grand Total: 832 creatures vanquished

Notes
Turn   | Place    | Note
-------+----------+-------------------------------------------
     0 | D:1      | Kythnos the Spriggan Enchanter began the quest for the Orb.
     0 | D:1      | Reached XP level 1. HP: 9/9 MP: 5/5
   747 | D:1      | Reached XP level 2. HP: 9/13 MP: 5/7
   849 | D:1      | Learned a level 2 spell: Ensorcelled Hibernation
  2639 | D:2      | Reached XP level 3. HP: 13/16 MP: 1/9
  2649 | D:2      | Learned a level 3 spell: Confuse
  2653 | D:2      | Learned a level 3 spell: Tukima's Dance
  3544 | D:2      | Reached XP level 4. HP: 21/21 MP: 11/11
  3764 | D:3      | Reached skill level 5 in Hexes
  4324 | D:3      | Found a hazy altar of Hepliaklqana.
  4399 | D:3      | Reached skill level 5 in Stealth
  4547 | D:3      | Reached XP level 5. HP: 15/24 MP: 7/13
  4590 | D:3      | Reached skill level 6 in Stealth
  5546 | D:4      | Reached skill level 7 in Stealth
  5725 | D:4      | Reached XP level 6. HP: 19/28 MP: 7/14
  5979 | D:4      | Reached skill level 8 in Stealth
  6169 | D:4      | Noticed Schizzik's ghost (amateur GrGl)
  6413 | D:3      | Reached skill level 9 in Stealth
  7242 | D:4      | Found a glowing silver altar of Zin.
  7385 | D:4      | Noticed Duvessa
  7390 | D:4      | Noticed Dowan
  7398 | D:4      | Killed Duvessa
  7843 | D:4      | Killed Dowan
  7843 | D:4      | Reached skill level 10 in Stealth
  7843 | D:4      | Reached XP level 7. HP: 32/32 MP: 6/15
  8155 | D:4      | Found a burning altar of Makhleb.
  8622 | D:4      | Killed Schizzik's ghost
  8622 | D:4      | Reached skill level 11 in Stealth
  8934 | D:5      | Entered Level 5 of the Dungeon
  8938 | D:5      | Noticed dafubar's ghost (novice MiBe)
  8941 | D:5      | Reached skill level 12 in Stealth
  8949 | D:5      | Noticed Prince Ribbit
  9221 | D:5      | Noticed Eustachio
  9225 | D:5      | Killed Eustachio
  9264 | D:5      | Reached XP level 8. HP: 29/36 MP: 13/16
  9272 | D:5      | Learned a level 3 spell: Dazzling Spray
  9438 | D:5      | Reached skill level 13 in Stealth
  9478 | D:5      | Killed dafubar's ghost
  9478 | D:5      | Reached skill level 14 in Stealth
  9753 | D:5      | Killed Prince Ribbit
  9753 | D:5      | Reached skill level 5 in Spellcasting
 10104 | D:5      | Noticed Ijyb
 10111 | D:5      | Killed Ijyb
 10575 | D:5      | Reached skill level 1 in Fighting
 11336 | D:5      | Got a scorched buckler
 11342 | D:5      | Identified the cursed +0 buckler of Huokhla {rC+ Int+2 SInv Stlth+} (You found it on level 5 of the Dungeon)
 11428 | D:5      | Reached XP level 9. HP: 25/41 MP: 18/18
 12122 | D:6      | Noticed Pikel
 12137 | D:6      | Killed Pikel
 12227 | D:6      | Found a radiant altar of Vehumet.
 12250 | D:6      | Found Mumir's Distillery.
 12256 | D:6      | Found a sparkling altar of Nemelex Xobeh.
 12265 | D:6      | Reached skill level 5 in Dodging
 12269 | D:6      | Reached skill level 15 in Stealth
 12269 | D:6      | Reached skill level 1 in Shields
 12274 | D:6      | Bought a potion of invisibility for 96 gold pieces
 12355 | D:6      | Found a sand-covered staircase.
 12360 | Ossuary  | Entered an ossuary
 12432 | Ossuary  | Noticed gorpus's ghost (amateur BaIE)
 12443 | Ossuary  | Killed gorpus's ghost
 13042 | D:6      | Found a radiant altar of Vehumet.
 13066 | D:6      | Found a deep blue altar of Sif Muna.
 13102 | D:6      | Found Hous's General Store.
 13110 | D:6      | Bought a scroll of identify for 24 gold pieces
 13111 | D:6      | Gained mutation: You are frail. (-10% HP) [potion of mutation]
 13111 | D:6      | Gained mutation: You have an increased reservoir of magic. (+10% MP) [potion of mutation]
 13111 | D:6      | Gained mutation: Armour fits poorly on your strangely shaped body. [potion of mutation]
 13111 | D:6      | Gained mutation: You are agile. (Dex +2) [potion of mutation]
 13112 | D:6      | Lost mutation: You are frail. (-10% HP) [potion of mutation]
 13112 | D:6      | Lost mutation: Armour fits poorly on your strangely shaped body. [potion of mutation]
 13112 | D:6      | Lost mutation: You are agile. (Dex +2) [potion of mutation]
 13112 | D:6      | Lost mutation: You have an increased reservoir of magic. (+10% MP) [potion of mutation]
 13112 | D:6      | Gained mutation: You tend to lose your temper in combat. [potion of mutation]
 13112 | D:6      | Gained mutation: You can translocate small distances at will. [potion of mutation]
 13113 | D:6      | Lost mutation: You tend to lose your temper in combat. [potion of mutation]
 13113 | D:6      | Lost mutation: You can translocate small distances at will. [potion of mutation]
 13113 | D:6      | Gained mutation: You are frail. (-10% HP) [potion of mutation]
 13113 | D:6      | Gained mutation: Your magical capacity is low. (-10% MP) [potion of mutation]
 13113 | D:6      | Gained mutation: Your mind is acute. (Int +2) [potion of mutation]
 13113 | D:6      | Gained mutation: Your spells are a little harder to cast, but a little more powerful. [potion of mutation]
 13117 | D:6      | Noticed Grinder
 13124 | D:6      | Killed Grinder
 13127 | D:6      | Got a bound marble ring
 13128 | D:6      | Identified the ring "Acefouppei" {rF+ rC++ MR-} (You found it on level 6 of the Dungeon)
 13129 | D:6      | Noticed Perturabo's ghost (novice DsGl)
 13149 | D:6      | Killed Perturabo's ghost
 13149 | D:6      | Reached XP level 10. HP: 43/43 MP: 5/19
 13670 | D:6      | Found an iron altar of Okawaru.
 13907 | D:6      | Found a glowing golden altar of the Shining One.
 13907 | D:6      | Found a white marble altar of Elyvilon.
 13913 | D:6      | Found a basalt altar of Yredelemnul.
 13915 | D:6      | Found a bloodstained altar of Trog.
 13916 | D:6      | Found a shattered altar of Ashenzari.
 14043 | D:6      | Noticed Menkaure
 14055 | D:6      | Killed Menkaure
 14493 | D:7      | Found an ancient bone altar of Kikubaaqudgha.
 14523 | D:7      | Found Hatuaju's Magic Scroll Shop.
 14545 | D:7      | Reached skill level 5 in Short Blades
 14742 | D:7      | Found a stormy altar of Qazlal.
 15307 | D:7      | Found Jeotiam's Antique Weapon Boutique.
 15333 | D:7      | Found Zahattir's Weapon Emporium.
 15430 | D:7      | Found a sacrificial altar of Ru.
 15439 | D:7      | Found a staircase to the Ecumenical Temple.
 15447 | Temple   | Entered the Ecumenical Temple
 15471 | Temple   | Became a worshipper of Dithmenos the Shadowed
 16069 | D:8      | Noticed Maurice
 16076 | D:8      | Killed Maurice
 16232 | D:7      | Bought a glowing quick blade for 378 gold pieces
 16440 | D:8      | Reached XP level 11. HP: 40/47 MP: 21/21
 16781 | D:8      | Noticed Grum
 16800 | D:8      | Reached skill level 16 in Stealth
 16812 | D:8      | Killed Grum
 17157 | D:9      | Found Wieffeh's Food Shop.
 17341 | D:9      | Found a staircase to the Lair.
 17505 | D:9      | Reached * piety under Dithmenos
 18201 | D:10     | Entered Level 10 of the Dungeon
 18254 | D:10     | Noticed dricus's ghost (novice DgFE)
 18271 | D:10     | Killed dricus's ghost
 18271 | D:10     | Reached ** piety under Dithmenos
 18457 | D:10     | Noticed a two-headed hydra
 18461 | D:10     | Killed a two-headed hydra
 18461 | D:10     | Reached skill level 5 in Fighting
 18993 | D:10     | Noticed a two-headed ogre
 19012 | D:10     | Killed a two-headed ogre
 19862 | D:10     | Reached *** piety under Dithmenos
 19870 | D:10     | Reached XP level 12. HP: 52/54 MP: 2/23
 20196 | D:11     | Noticed a six-headed hydra
 20202 | D:11     | Killed a six-headed hydra
 20626 | D:11     | Reached skill level 10 in Dodging
 20640 | D:11     | Reached skill level 17 in Stealth
 20641 | D:11     | Lost mutation: Your mind is acute. (Int +2) [potion of mutation]
 20641 | D:11     | Lost mutation: Your magical capacity is low. (-10% MP) [potion of mutation]
 20641 | D:11     | Lost mutation: You are frail. (-10% HP) [potion of mutation]
 20641 | D:11     | Lost mutation: Your spells are a little harder to cast, but a little more powerful. [potion of mutation]
 20641 | D:11     | Gained mutation: You are frail. (-10% HP) [potion of mutation]
 20641 | D:11     | Gained mutation: You are agile. (Dex +2) [potion of mutation]
 20641 | D:11     | Gained mutation: Your spells are a little easier to cast, but a little less powerful. [potion of mutation]
 20641 | D:11     | Gained mutation: You evolve. [potion of mutation]
 21040 | D:11     | Lost mutation: You are frail. (-10% HP) [potion of mutation]
 21040 | D:11     | Gained mutation: You occasionally shout uncontrollably at your foes. [potion of mutation]
 21040 | D:11     | Gained mutation: You are very agile. (Dex +4) [potion of mutation]
 21080 | D:11     | Noticed Gastronok
 21144 | D:11     | Killed Gastronok
 21144 | D:11     | Reached skill level 10 in Hexes
 21380 | D:11     | Noticed a two-headed ogre
 21411 | D:11     | Killed a two-headed ogre
 21706 | D:11     | Noticed a tengu warrior
 21716 | D:11     | Killed a tengu warrior
 21729 | D:12     | Reached skill level 5 in Shields
 21767 | D:12     | Reached **** piety under Dithmenos
 22478 | D:12     | Found a staircase to the Orcish Mines.
 22505 | D:12     | Found a glowing silver altar of Zin.
 22517 | D:12     | Reached skill level 10 in Spellcasting
 22898 | Orc:1    | Entered Level 1 of the Orcish Mines
 22913 | Orc:1    | Found Modecehe's Armour Boutique.
 23048 | Orc:1    | Found a bloodstained altar of Trog.
 23124 | Orc:2    | Entered Level 2 of the Orcish Mines
 23130 | Orc:2    | Reached ***** piety under Dithmenos
 23140 | Orc:1    | Noticed an ogre mage
 23140 | Orc:1    | Noticed a two-headed ogre
 23140 | Orc:1    | Noticed a two-headed ogre
 23141 | Orc:1    | Noticed a two-headed ogre
 23141 | Orc:1    | Noticed a two-headed ogre
 23141 | Orc:1    | Noticed a two-headed ogre
 23208 | Orc:1    | Found a frozen archway.
 23227 | IceCv    | Entered an ice cave
 24246 | Orc:2    | Found Gekhoep's Antique Weapon Boutique.
 24269 | Orc:2    | Found Ofoasesili's General Store.
 24277 | Orc:2    | Bought a scroll of identify for 32 gold pieces
 24280 | Orc:2    | Found a staircase to the Elven Halls.
 24348 | Orc:2    | Found a roughly hewn altar of Beogh.
 24415 | Orc:2    | Found Ginureur's Armour Boutique.
 24433 | Orc:2    | Found Kyosifulau's Weapon Shop.
 24688 | Orc:2    | Reached XP level 13. HP: 56/65 MP: 26/28
 25057 | Orc:2    | Found Titod's Armour Emporium.
 25381 | D:9      | Gained mutation: You are partially covered in molten scales. (AC +2) [evolution]
 25479 | D:6      | Bought a book of Party Tricks for 600 gold pieces
 25486 | D:6      | Learned a level 6 spell: Invisibility
 25628 | D:13     | Found a gate to the Vaults.
 25628 | D:13     | Noticed Urug
 25628 | D:13     | Noticed Rupert
 25628 | D:13     | Noticed Nessos
 25693 | D:13     | Noticed Josephine
 25694 | D:13     | Found a labyrinth entrance.
 25704 | Lab      | Entered a labyrinth
 26073 | Lab      | Noticed a minotaur
 26082 | Lab      | Killed a minotaur
 26733 | Lair:1   | Entered Level 1 of the Lair of Beasts
 27579 | Lair:1   | Lost mutation: Your spells are a little easier to cast, but a little less powerful. [evolution]
 28097 | Lair:2   | Found a staircase to the Snake Pit.
 28324 | Lair:2   | Reached ****** piety under Dithmenos
 28819 | Lair:2   | Found a staircase to the Shoals.
 29219 | Lair:3   | Reached skill level 18 in Stealth
 30041 | Lair:4   | Reached XP level 14. HP: 66/72 MP: 24/30
 30813 | Lair:4   | Gained mutation: Your mind is acute. (Int +2) [evolution]
 30879 | Lair:5   | Found a dark tunnel.
 30891 | Volcano  | Entered a volcano
 31028 | Volcano  | Found a bloodstained altar of Trog.
 31028 | Volcano  | Noticed WhatIsLove's ghost (journeyman VSAs)
 31042 | Volcano  | Killed WhatIsLove's ghost
 31219 | Volcano  | Reached skill level 10 in Short Blades
 32079 | Lair:6   | Entered Level 6 of the Lair of Beasts
 33786 | Lair:6   | Reached XP level 15. HP: 55/78 MP: 32/32
 34146 | Lair:6   | Found a staircase to the Slime Pits.
 34797 | Orc:2    | Reached skill level 19 in Stealth
 34833 | Orc:2    | Found Cecw's Antique Armour Shoppe.
 34835 | Orc:2    | Found Lodgheto's Gadget Boutique.
 34835 | Orc:2    | Found Awkag's Armour Emporium.
 34835 | Orc:2    | Found Ywookiom's Assorted Antiques.
 35117 | Orc:2    | Gained mutation: You have sharp fingernails. [evolution]
 35779 | Orc:2    | Bought the +2 cloak of the Kettle-Drum {rElec rCorr SInv} for 459 gold pieces
 35880 | Elf:1    | Entered Level 1 of the Elven Halls
 35953 | Elf:1    | Found a white marble altar of Elyvilon.
 35953 | Elf:1    | Found a glowing golden altar of the Shining One.
 35967 | Elf:1    | Found a glowing silver altar of Zin.
 35995 | Elf:1    | Found a ruined gateway.
 36018 | Desolati | Entered the Desolation of Salt
 36644 | Desolati | Got a steaming silver ring
 36645 | Desolati | Identified the ring "Uroocrar" {Ice SInv} (You found it in the Desolation of Salt)
 36679 | Desolati | Reached XP level 16. HP: 50/84 MP: 30/34
 37024 | Desolati | Reached skill level 15 in Dodging
 37043 | Desolati | Killed from afar by a ragged hierophant

Vault maps used:
D:1:      onia_arrival_mini_maze
D:2:      kennysheep_generic_room_11
D:3:      overflow_temple_1_default, first_bread, gup_sewer_entry_spiral,
          minmay_strange_pillars, kennysheep_generic_room_15
D:4:      zin_statuary, makhleb_blood_cavern_becter, uniq_duvessa
D:5:      minmay_misc_feat_enclosed, uniq_prince_ribbit1, uniq_eustachio,
          uniq_ijyb
D:6:      lemuel_doored_altar, overflow_temple_1_default,
          nicolae_overflow_hidden_temple, old_standard_altar,
          chequers_temple_overflow_minitemple, basic_altar,
          nicolae_ossuary_entry_catacombs, serial_shops, shop, shop,
          uniq_grinder, uniq_pikel, uniq_menkaure
D:7:      kennysheep_mini_moat, lemuel_mausoleum_altar_kikubaaqudgha,
          nicolae_qazlal_style_of_elements, temple_statues, serial_shops,
          shop_fountains, shop, kennysheep_mini,
          hangedman_abyss_or_decor_stagger
D:8:      uniq_maurice, uniq_grum
D:9:      minmay_lair_entry_grove, serial_shops, shop_statue
D:10:     hangedman_ranch
D:11:     uniq_gastronok
D:12:     orc_0_dummy, basic_altar, small_statue_alley_a
D:13:     david_vaults_3, lab_entry_generic, uniq_josephine, uniq_sonja
Temple:   corrupted_temple
Lair:1:   grunt_megastairs_3
Lair:2:   minmay_shoals_entry_hut, dummy_snake_entry
Lair:3:   cheibrodos_lair_reptile_den
Lair:5:   nicolae_volcano_entry_two_sided
Lair:6:   due_jungle_book, minmay_slime_entry_pillars, minivault_24,
          infiniplex_staircase_pool, serial_bayou_shore_a, lemuel_fruit_fields,
          lemuel_fruit_tree
Orc:1:    portal_ice_cave_rime, serial_shops, shop, trog_hazing_becter
Orc:2:    st_orc_ogre_mass, serial_shops, shop, nicolae_shop_stone, shop,
          nicolae_shop_waterfront, shop, basic_altar
Elf:1:    eino_elf_arrival_customs, portal_desolation_entry_holy_temple,
          evilmike_minifort, grunt_megastairs_2
Lab:      labyrinth_hidden_loot, nicolae_lab_do_over, nicolae_lab_plus,
          labyrinth_glass_1, labyrinth_skeletal_remains
Ossuary:  ossuary_minmay_chase
IceCv:    ice_cave_tombish
Volcano:  volcano_grotto

Skill      XL: |  1  2  3  4  5  6  7  8  9 10 11 12 13 14 15 16 |
---------------+-------------------------------------------------+-----
Spellcasting   | 3 4 5 6 7 9 10 11 12 13 | 13.1
Hexes          | 4 5 6 8 9 10 11 12 13 | 13.4
Stealth        | 5 7 10 12 14 15 16 17 18 19 | 19.6
Fighting       | 1 2 4 5 6 7 8 9 |  9.4
Short Blades   | 2 4 5 7 8 9 10 11 | 11.4
Dodging        | 4 6 8 9 10 12 13 14 15 | 15.0
Shields        | 2 3 4 5 6 7 8 |  8.0

Action                   |  1- 3 |  4- 6 |  7- 9 | 10-12 | 13-15 | 16-18 || total
-------------------------+-------+-------+-------+-------+-------+-------++-------
Melee: Dagger            |   158 |   137 |   278 |   165 |       |       ||   738
       Quick blade       |       |       |       |   654 |  1082 |    30 ||  1766
 Cast: Corona            |    16 |     2 |       |       |       |       ||    18
       Ensorcelled Hiber |    24 |    62 |    15 |    84 |    46 |       ||   231
       Tukima's Dance    |       |     3 |     2 |     2 |     3 |       ||    10
       Confuse           |       |    10 |    32 |    60 |     7 |       ||   109
       Dazzling Spray    |       |       |    12 |    12 |    33 |     2 ||    59
       Invisibility      |       |       |       |       |    25 |     1 ||    26
Invok: Shadow Step       |       |       |       |       |     2 |       ||     2
Evoke: Wand              |       |       |     1 |       |     3 |       ||     4
  Use: Scroll            |    10 |     2 |     4 |    17 |    12 |     1 ||    46
       Potion            |     2 |     1 |     4 |    10 |    12 |     1 ||    30
 Stab: Sleeping          |    23 |    43 |    39 |    98 |    74 |     6 ||   283
       Confused          |       |     6 |    16 |    45 |     5 |       ||    72
       Distracted        |       |     1 |     1 |     5 |     8 |     1 ||    16
       Invisible         |       |       |     7 |    24 |   169 |     9 ||   209
  Eat: Bread ration      |     1 |     1 |     1 |     1 |       |       ||     4
       Royal jelly       |       |       |       |     4 |     2 |       ||     6
       Fruit             |       |       |       |       |    14 |     8 ||    22
Armor: Robe              |    11 |    10 |    18 |    16 |    24 |       ||    79
Dodge: Dodged            |   162 |   113 |   169 |   417 |   491 |    17 ||  1369
Block: Buckler           |       |       |       |       |    94 |     4 ||    98
